 Dungeon Crawl Stone Soup version 0.30.1-11-g7821555f0a (webtiles) character file.

Game seed: 3664044200244865055

35109 Eitelfritz the Severer (level 13, -19/178 HPs)
             Began as a Hill Orc Fighter on Dec 28, 2023.
             Was the Champion of Okawaru.
             Constricted to death by Jorgrun (20 damage)
             ... on level 14 of the Dungeon.
             The game lasted 00:37:37 (15815 turns).

Eitelfritz the Severer (Hill Orc Fighter)          Turns: 15815, Time: 00:37:38

Health: -19/178    AC: 23    Str: 24    XL:     13   Next: 81%
Magic:  0/19       EV:  7    Int:  8    God:    Okawaru [******]
Gold:   906        SH: 11    Dex: 15    Spells: 12/12 levels left

rFire   + + .        a - +4 broad axe (flame)
rCold   . . .        G - +0 kite shield
rNeg    . . .        U - +1 chain mail of the Moon {rElec Dex+5 Slay+2}
rPois   +            O - +1 hat of Gud Afir {rPois rF++}
rElec   +            S - +2 cloak {rPois}
rCorr   .            (no gloves)
SInv    +            j - +2 pair of boots
Will    .....        q - amulet of guardian spirit Stlth
                     k - +4 ring of protection
HPRegen 0.49/turn    g - ring of see invisible
MPRegen 0.16/turn

%: guardian spirit
@: berserking, grasped by roots, constricted, very quick
A: no striking features
a: Renounce Religion, Heroism, Finesse, Duel


You were on level 14 of the Dungeon.
You worshipped Okawaru.
Okawaru was exalted by your worship.
You visited 2 branches of the dungeon, and saw 15 of its levels.
You visited the Abyss 1 time.

You collected 1510 gold pieces.
You spent 604 gold pieces at shops.

Inventory:

Hand Weapons
 a - a +4 broad axe of flaming (weapon)
 b - a +0 sling of flaming
 c - a +2 flail of protection
 R - a +5 war axe of draining
 V - a +0 heavy broad axe
Missiles
 e - 6 curare-tipped darts
 s - 146 stones
 y - 8 throwing nets
 F - 19 poisoned darts
 H - 6 javelins (quivered)
 K - 2 datura-tipped darts
 L - an atropa-tipped dart
Armour
 j - a +2 pair of boots (worn)
 G - a +0 kite shield (worn)
 O - the +1 hat of Gud Afir (worn) {rPois rF++}
   (You found it on level 9 of the Dungeon)

   rF:        It greatly protects you from fire.
   rPois:     It protects you from poison.
 Q - +0 acid dragon scales
 S - a +2 cloak of poison resistance (worn)
 U - the +1 chain mail of the Moon (worn) {rElec Dex+5 Slay+2}
   (You found it on level 13 of the Dungeon)

   Dex:       It affects your dexterity (+5).
   Slay:      It affects your accuracy & damage with ranged weapons and melee
   (+2).
   rElec:     It insulates you from electricity.
Jewellery
 g - a ring of see invisible (right hand)
 k - a +4 ring of protection (left hand)
 q - an amulet of guardian spirit (around neck)
 u - a ring of resist corrosion
 T - a ring of protection from cold
Wands
 d - a wand of iceblast (17)
 n - a wand of digging (4)
 v - a wand of paralysis (18)
 x - a wand of polymorph (11)
 N - a wand of light (6)
Scrolls
 f - 7 scrolls of teleportation
 m - 4 scrolls of fear
 p - 6 scrolls of blinking
 w - 13 scrolls of identify
 A - a scroll of fog
 I - 4 scrolls of silence
 M - 2 scrolls of enchant armour
 P - 2 scrolls of magic mapping
Potions
 h - a potion of haste
 i - 5 potions of curing
 l - 3 potions of might
 o - a potion of brilliance
 r - a potion of magic
 t - a potion of mutation
 z - 3 potions of flight
 B - 2 potions of cancellation
 D - 2 potions of ambrosia
 E - a potion of lignification
 J - a potion of heal wounds
 W - a potion of attraction {unknown}


   Skills:
 + Level 12.6 Fighting
 + Level 18.7 Axes
 + Level 1.0 Ranged Weapons
 + Level 1.1 Throwing
 + Level 8.0 Armour
 + Level 6.0 Dodging
 + Level 2.9 Stealth
 + Level 10.1 Shields
 - Level 9.0 Invocations


You had 12 spell levels left.
You didn't know any spells.
Your spell library contained the following spells:

 Spells                   Type           Power      Damage    Failure   Level
 Apportation              Tloc           0%         N/A       98%         1
 Slow                     Hex            0%         N/A       98%         1
 Cigotuvi's Dreadful Rot  Necr/Pois/Air  0%         N/A       99%         2
 Confusing Touch          Hex            0%         N/A       100%        3
 Inner Flame              Hex/Fire       0%         N/A       100%        3
 Vampiric Draining        Necr           0%         2d6       100%        3
 Dispel Undead            Necr           0%         3d6       100%        4
 Flame Wave               Conj/Fire      0%         2d4       100%        4
 Manifold Assault         Tloc           0%         N/A       100%        4
 Sticky Flame             Conj/Fire      0%         2d3       100%        4
 Alistair's Intoxication  Tmut/Pois      0%         N/A       100%        5
 Dispersal                Tloc           0%         N/A       100%        6
 Disjunction              Tloc           0%         N/A       100%        8
 Death Channel            Necr           Unusable   N/A       N/A         6

Dungeon Overview and Level Annotations

Branches:
Dungeon (14/15)            Temple (1/1) D:5            Lair (0/5) D:8
    Orc (0/2) D:11         Vaults (0/5) D:13

Altars:
Ashenzari
Cheibriados
Dithmenos
Elyvilon
Fedhas
Gozag
Hepliaklqana
Kikubaaqudgha
Makhleb
Nemelex Xobeh
Okawaru
Qazlal
Ru
Sif Muna
Trog
Uskayaw
Vehumet
Wu Jian
Xom
Yredelemnul
Zin
The Shining One
Beogh

Shops:
D:8 **?:?

Annotations:
D:14 Jorgrun


Message History

You struggle to resist.
The grasping roots constrict you!! Jorgrun hits you but does no damage.
Jorgrun shatters you!
* * * LOW HITPOINT WARNING * * *
The grasping roots constrict you!
* * * LOW HITPOINT WARNING * * *
Jorgrun hits you but does no damage. The grasping roots constrict you!
* * * LOW HITPOINT WARNING * * *
Jorgrun hits you with a staff of earth!
* * * LOW HITPOINT WARNING * * *
The grasping roots constrict you!
* * * LOW HITPOINT WARNING * * *
Jorgrun hits you but does no damage. The grasping roots constrict you!
* * * LOW HITPOINT WARNING * * *
You turn to flesh and can move again.
You feel much better. Jorgrun hits you but does no damage.
The grasping roots constrict you.
* * * LOW HITPOINT WARNING * * *
You barely miss Jorgrun.
Jorgrun is heavily wounded.
Jorgrun hits you but does no damage. The grasping roots constrict you!
* * * LOW HITPOINT WARNING * * *
Unknown command.
A red film seems to cover your vision as you go berserk!
You feel yourself moving faster!
You feel mighty!
Jorgrun says, "'tis place shall be yer tomb!"
Jorgrun hits you with a staff of earth!
* * * LOW HITPOINT WARNING * * *
Jorgrun shatters you!
* * * LOW HITPOINT WARNING * * *
The grasping roots constrict you.
* * * LOW HITPOINT WARNING * * *
Unknown command.
You slash Jorgrun! You burn Jorgrun.
Jorgrun is severely wounded.
You miss Jorgrun.
Jorgrun is severely wounded.
Jorgrun hits you with a staff of earth!
* * * LOW HITPOINT WARNING * * *
The grasping roots constrict you!!
You die...

### #....≈....#..........##....#
######.........#.................
.........§§...........#..........
.........≈≈.................}....
§........≈§.....≈≈......####....§
≈≈.............≈≈≈......# #...§§
≈≈..§...≈...............# #...§§
§≈≈.....................# #....§
≈≈≈≈............@#.##...# #.....
≈≈≈.............g#.##...# #.....
§≈....##.#######.#.##...# #.....
......##.# #.#.##...# #.....
......##.# #.#.##...# #.....
......##.# #.#.##...# #.....
###.####.# #.#.##...# #.....
#......# #...# #..... ######.#
######


You could see Jorgrun.

Vanquished Creatures
  Josephine (D:14)
  A hydra (D:14)
  2 vault guards (D:13)
  2 centaur warriors
  A tengu warrior (D:12)
  4 two-headed ogres
  Pikel (D:7)
  A large abomination (Abyss:2)
  3 wizards (D:13)
  7 ugly things
  3 cyclopes
  3 manticores
  Maurice (D:8)
  Joseph (D:7)
  A rime drake (D:8)
  2 efreet
  3 unseen horrors
  A polar bear (D:8)
  4 trolls
  A hornet (D:10)
  A raiju (D:13)
  3 slime creatures (D:14)
  Sigmund (D:3)
  A wyvern (D:10)
  6 shadows
  2 vampires
  5 wraiths (D:14)
  A fire elemental (D:14)
  20 humans (D:13)
  14 yaks
  Eustachio (D:6)
  Grum (D:9)
  10 vampire mosquitoes
  2 steam dragons
  Edmund (D:5)
  2 two-headed ogre zombies (D:11)
  Duvessa (D:6)
  3 acid dragons
  5 ice beasts
  15 orc warriors
  A black bear (D:4)
  12 centaurs
  2 phantoms
  4 wolves (D:8)
  5 ogres
  A kobold brigand (D:9)
  5 gnoll sergeants
  2 scorpions
  3 bullfrogs
  2 troll zombies (D:11)
  10 wights
  Dowan (D:6)
  9 killer bees
  3 howler monkeys
  17 hounds
  3 gnoll boudas
  8 orc priests
  Crazy Yiuf (D:5)
  3 jellies
  8 orc wizards
  4 sleepcaps
  3 iguanas
  Terence (D:2)
  4 ogre zombies (D:11)
  40 gnolls
  2 adders
  An ufetubus (D:3)
  3 worms
  A dart slug (D:4)
  64 orcs
  4 ball pythons
  8 bats
  5 endoplasms
  3 giant cockroaches
  7 goblins
  9 hobgoblins
  7 jackals
  3 quokkas
  2 frilled lizards (D:1)
  A goblin skeleton (D:11)
  A goblin zombie (D:11)
  3 hobgoblin skeletons (D:11)
  3 hobgoblin zombies (D:11)
  7 kobolds
  An orc skeleton (D:11)
  16 orc zombies
  4 rats
  A fire vortex (D:14)
446 creatures vanquished.

Vanquished Creatures (others)
  Prince Ribbit (D:7)
1 creature vanquished.

Grand Total: 447 creatures vanquished

Notes
Turn   | Place    | Note
-------+----------+-------------------------------------------
     0 | D:1      | Eitelfritz the Hill Orc Fighter began the quest for the
                  | Orb.
     0 | D:1      | Reached XP level 1. HP: 19/19 MP: 1/1
   186 | D:1      | Reached XP level 2. HP: 27/27 MP: 2/2
   805 | D:2      | Reached skill level 3 in Axes
   805 | D:2      | Reached XP level 3. HP: 33/33 MP: 3/3
   979 | D:2      | Noticed Terence
   995 | D:2      | Killed Terence
   996 | D:2      | Reached skill level 4 in Axes
   996 | D:2      | Reached XP level 4. HP: 35/40 MP: 4/4
  1890 | D:3      | Reached XP level 5. HP: 43/46 MP: 5/5
  1977 | D:3      | Noticed Sigmund
  1985 | D:3      | Killed Sigmund
  1986 | D:3      | Reached skill level 5 in Axes
  1986 | D:3      | Reached skill level 1 in Throwing
  1986 | D:3      | Reached skill level 1 in Stealth
  1986 | D:3      | Reached XP level 6. HP: 53/53 MP: 6/6
  2656 | D:4      | Reached skill level 1 in Dodging
  2667 | D:4      | Reached skill level 6 in Axes
  2973 | D:4      | Reached XP level 7. HP: 56/60 MP: 7/7
  3092 | D:4      | Reached skill level 7 in Axes
  3840 | D:5      | Entered Level 5 of the Dungeon
  3855 | D:5      | Reached skill level 5 in Fighting
  3884 | D:5      | Found a staircase to the Ecumenical Temple.
  3901 | Temple   | Entered the Ecumenical Temple
  3954 | Temple   | Became a worshipper of Warmaster Okawaru
  4060 | D:5      | Reached skill level 5 in Armour
  4085 | D:5      | Noticed Edmund
  4093 | D:5      | Killed Edmund
  4094 | D:5      | Reached skill level 8 in Axes
  4094 | D:5      | Reached skill level 1 in Invocations
  4161 | D:5      | Found a runed translucent door.
  4162 | D:5      | Noticed Crazy Yiuf
  4290 | D:5      | Reached XP level 8. HP: 59/68 MP: 9/9
  4696 | D:5      | Found a shimmering altar of Xom.
  4698 | D:5      | Found a bloodstained altar of Trog.
  4698 | D:5      | Found a burning altar of Makhleb.
  4700 | D:5      | Found a shadowy altar of Dithmenos.
  4700 | D:5      | Found a shadowy altar of Dithmenos.
  4700 | D:5      | Found a shimmering blue altar of Sif Muna.
  4729 | D:5      | Reached * piety under Okawaru
  4912 | D:5      | Killed Crazy Yiuf
  4970 | D:6      | Noticed Eustachio
  4978 | D:6      | Reached skill level 9 in Axes
  4994 | D:6      | Killed Eustachio
  5157 | D:6      | Found a hide-covered altar of Uskayaw.
  5179 | D:6      | Noticed a cyclops
  5196 | D:6      | Reached XP level 9. HP: 51/75 MP: 6/12
  5204 | D:6      | Killed a cyclops
  5204 | D:6      | Reached ** piety under Okawaru
  5205 | D:6      | Reached skill level 10 in Axes
  5354 | D:6      | Noticed a two-headed ogre
  5367 | D:6      | Killed a two-headed ogre
  5368 | D:6      | Reached skill level 11 in Axes
  5368 | D:6      | Reached skill level 5 in Invocations
  5377 | D:6      | Reached *** piety under Okawaru
  5378 | D:6      | Reached skill level 5 in Shields
  5747 | D:6      | Noticed Duvessa
  5747 | D:6      | Noticed Dowan
  5752 | D:6      | Killed Duvessa
  5753 | D:6      | Killed Dowan
  5782 | D:6      | Identified a scroll of acquirement
  5782 | D:6      | Acquired 304 gold pieces
  5829 | D:7      | Killed Prince Ribbit
  5889 | D:7      | Noticed Pikel
  5916 | D:7      | Killed Pikel
  5917 | D:7      | Reached skill level 12 in Axes
  5917 | D:7      | Reached XP level 10. HP: 73/88 MP: 12/14
  6236 | D:7      | Noticed Joseph
  6258 | D:7      | Killed Joseph
  6258 | D:7      | Reached **** piety under Okawaru
  6625 | D:7      | Reached skill level 13 in Axes
  6950 | D:8      | Noticed Maurice
  6967 | D:8      | Found Newim's Book Emporium.
  6979 | D:8      | Paralysed by something for 2 turns
  7001 | D:8      | Paralysed by something for 5 turns
  7040 | D:8      | Killed Maurice
  7275 | D:8      | Found Amuyneek's Magic Scroll Shoppe.
  7302 | D:8      | Bought a scroll of identify for 20 gold pieces
  7302 | D:8      | Bought a scroll of identify for 20 gold pieces
  7302 | D:8      | Bought a scroll of identify for 20 gold pieces
  7302 | D:8      | Bought a scroll of brand weapon for 95 gold pieces
  7302 | D:8      | Bought 3 scrolls of enchant weapon for 225 gold pieces
  7471 | D:8      | Reached ***** piety under Okawaru
  7518 | D:8      | Found a staircase to the Lair.
  7602 | D:8      | Reached skill level 14 in Axes
  7628 | D:8      | Found Erauvup's Magic Scroll Boutique.
  7633 | D:8      | Bought a scroll of enchant weapon for 112 gold pieces
  7633 | D:8      | Bought a scroll of enchant armour for 112 gold pieces
  7742 | D:8      | Found Unasoa's Assorted Antiques.
  7785 | D:8      | Reached XP level 11. HP: 95/95 MP: 15/15
  7901 | D:8      | Found Qoaqy's Assorted Antiques.
  7913 | D:8      | Noticed a lindwurm
  8014 | D:8      | Noticed a lindwurm
  8014 | D:8      | Noticed a lindwurm
  8015 | D:8      | Noticed a lindwurm
  8599 | D:9      | Received a gift from Okawaru
  8602 | D:9      | Reached skill level 1 in Ranged Weapons
  9171 | D:9      | Noticed Grum
  9184 | D:9      | Killed Grum
  9256 | D:9      | Identified the +1 hat of Gud Afir {rPois rF++}
  9666 | D:10     | Entered Level 10 of the Dungeon
  9897 | D:10     | Noticed a two-headed ogre
  9908 | D:10     | Killed a two-headed ogre
  9908 | D:10     | Received a gift from Okawaru
 10018 | D:10     | Received a gift from Okawaru
 10340 | D:10     | Found a shadowy altar of Dithmenos.
 10344 | D:10     | Reached skill level 15 in Axes
 10542 | D:11     | Found a staircase to the Orcish Mines.
 10629 | D:11     | Identified the +5 glaive of Exquisite Death {speed, Int+4}
 10707 | D:11     | Reached skill level 10 in Fighting
 10941 | D:11     | Received a gift from Okawaru
 11737 | D:12     | Identified the +4 ring mail of Indemnity {*Slow rElec Int+8
                  | Stlth-}
 11785 | D:12     | Noticed a tengu warrior
 11796 | D:12     | Killed a tengu warrior
 11797 | D:12     | Reached XP level 12. HP: 76/107 MP: 10/16
 11801 | D:12     | Reached skill level 16 in Axes
 11804 | D:12     | Reached skill level 5 in Dodging
 12440 | D:12     | Noticed a two-headed ogre
 12456 | D:12     | Killed a two-headed ogre
 12504 | D:12     | Reached ****** piety under Okawaru
 12689 | D:12     | Found a blossoming altar of Fedhas.
 12912 | D:13     | Received a gift from Okawaru
 12913 | D:13     | Noticed a two-headed ogre
 12930 | D:13     | Killed a two-headed ogre
 12940 | D:13     | Noticed a centaur warrior
 13083 | D:13     | Killed a centaur warrior
 13202 | D:13     | Identified the +1 ring mail of the Sandy God {Rampage Fly
                  | rC+}
 13219 | D:13     | Received a gift from Okawaru
 13291 | D:13     | Reached skill level 17 in Axes
 13343 | Abyss:2  | Found a corrupted altar of Lugonu.
 13343 | Abyss:2  | Cast into level 2 of the Abyss (a wizard)
 13378 | Abyss:2  | Found a burning altar of Makhleb.
 13379 | Abyss:2  | Found a burning altar of Makhleb.
 13425 | D:13     | Escaped the Abyss
 13429 | D:13     | Reached XP level 13. HP: 47/116 MP: 1/19
 13637 | D:13     | Found a gate to the Vaults.
 13637 | D:13     | Noticed a vault guard
 13637 | D:13     | Noticed a vault guard
 13649 | D:13     | Killed a vault guard
 13652 | D:13     | Killed a vault guard
 13668 | D:13     | Identified the +1 chain mail of the Moon {rElec Dex+5
                  | Slay+2}
 14105 | D:13     | Reached skill level 18 in Axes
 14132 | D:13     | Found a roughly hewn altar of Beogh.
 14924 | D:14     | Identified the +7 hand axe of the Radish {venom, Will+
                  | Dex+4} (Okawaru gifted it to you on level 14 of the
                  | Dungeon)
 14924 | D:14     | Received a gift from Okawaru
 14991 | D:14     | Found the +2 hat of the Bear Spirit {Spirit, Bear, *Rage
                  | Will++}
 15199 | D:14     | Noticed Josephine
 15210 | D:14     | Killed Josephine
 15217 | D:14     | Reached skill level 10 in Shields
 15531 | D:14     | Received a gift from Okawaru
 15795 | D:14     | Noticed Jorgrun
 15813 | D:14     | HP: 8/178 [constriction (3)]
 15815 | D:14     | HP: 1/178 [Jorgrun/staff of earth (8)]
 15815 | D:14     | Constricted to death by Jorgrun

Illustrated notes

Levels and vault maps discovered:
D:1:      dpeg_arrival_water_temple_mockup, layout_basic, serial_bayou_crossing
D:2:      layout_loops_ring, minmay_small_reverse_x, uniq_terence
D:3:      minmay_chambers_of_twos, layout_basic, small_statue_intersection,
          hangedman_decor_clover_reticule, roderic_serpentine_path,
          dk_noncrumbling_2, uniq_sigmund
D:4:      layout_loops_cross
D:5:      layout_loops_ring, doesnt_xom_only_xom, minmay_temple_entry_junction,
          uniq_edmund, uniq_crazy_yiuf_cottage
D:6:      layout_basic, kennysheep_mini, uniq_eustachio, uniq_duvessa
D:7:      layout_loops_ring, serial_glass, glass_columns_b, glass_columns_b,
          nrook_campfire, solitary_fountain, uniq_pikel, uniq_prince_ribbit1,
          uniq_joseph
D:8:      layout_cave_pods, hellmonk_lair_entry_icy, serial_shops, shop,
          nicolae_take_the_stairs, nicolae_stop_n_shop_1,
          nicolae_book_shop_shelving, nicolae_shop_rolling_square, st_stairs_6,
          minmay_lindwurm_lava, uniq_maurice
D:9:      layout_cave_pools, serial_gnoll_camp, gnoll_camp_mini_hut,
          grums_kennel, gnoll_camp_medium_01, gnoll_camp_huts_basic,
          special_room [special_room_orc], minivault_23
D:10:     layout_irregular_city, grunt_dithmenos_shadows, uniq_grum
D:11:     layout_loops_corners, zombieorc2_lemuel
D:12:     layout_irregular_city, fedhas_altar_fruit_tree
D:13:     layout_small_grid, grunt_vaults_entry_tiered, special_room
          [special_room_orc]
D:14:     layout_basic, minivault_24, uniq_josephine, uniq_jorgrun
Temple:   hellmonk_temple_of_storms

Skill      XL: |  1  2  3  4  5  6  7  8  9 10 11 12 13 |
---------------+----------------------------------------+-----
Axes           | 3 4 5 6 8 9 12 14 15 17 18 | 18.7
Fighting       | 4 5 6 7 8 10 11 12 | 12.6
Throwing       | 1 |  1.1
Armour         | 4 5 6 7 8 |  8.0
Stealth        | 1 2 |  2.9
Shields        | 4 5 6 8 9 10 | 10.1
Dodging        | 1 2 3 4 5 6 |  6.0
Invocations    | 1 4 6 8 9 |  9.0
Ranged Weapons | 1 |  1.0

Action                     |  1- 3 |  4- 6 |  7- 9 | 10-12 | 13-15 || total
---------------------------+-------+-------+-------+-------+-------++-------
  Melee: War axe           |    93 |   119 |   266 |   490 |       ||   968
         Broad axe         |       |       |       |   169 |   236 ||   405
   Fire: Sling             |       |       |     7 |     2 |       ||     9
  Throw: Stone             |     3 |    23 |       |       |       ||    26
         Dart              |       |       |       |     1 |       ||     1
         Javelin           |       |       |       |     1 |       ||     1
 Invoke: Heroism           |       |       |     1 |     1 |     1 ||     3
    Use: Potion            |       |     1 |     1 |     5 |     2 ||     9
         Scroll            |       |       |    24 |    11 |     1 ||    36
   Stab: Sleeping          |       |       |       |     3 |       ||     3
 Armour: Scale mail        |    38 |    66 |   159 |    11 |       ||   274
         Steam dragon scal |       |       |       |   221 |       ||   221
         Acid dragon scale |       |       |       |   104 |     7 ||   111
         Chain mail        |       |       |       |       |    86 ||    86
  Dodge: Dodged            |    45 |    61 |   136 |   308 |    56 ||   606
  Block: Buckler           |    18 |    25 |    47 |       |       ||    90
         Kite shield       |       |       |    17 |   381 |    91 ||   489
